[Event "Team 45 45 League T35"]
[Site "Internet Chess Club"]
[Date "2007.11.24"]
[Round "6"]
[White "Zornorph"]
[Black "RedAttack"]
[Result "1-0"]
[WhiteElo "2052"]
[BlackElo "1956"]
[Opening "English opening"]
[ECO "A10"]
[Time "14:06:14"]
[TimeControl "2700+45"]

1. c4 b6 2. Nc3 Bb7 3. d4 e6 4. e4 Bb4 5. Bd3 f5 6. Qe2 Nf6 7. f3 Nc6 8. e5
Bxc3+ 9. bxc3 Nh5 10. Nh3 O-O 11. O-O Qe7 12. Bg5 Qa3 13. Qd2 h6 14. Bxh6 gxh6
15. Qxh6 Rf7 16. Qxh5 Qxc3 17. d5 Nxe5 18. dxe6 dxe6 19. Be2 Nxc4 20. Qg6+ Kf8
21. Bxc4 Qxc4 22. Ng5 Qd4+ 23. Kh1 Rg7 24. Nxe6+ Kg8 25. Qxf5 Qb2 26. Nxg7 Qxg7
27. Qe6+ Kh8 28. Rad1 Rg8 29. Qh3+ Qh7 30. Qxh7+ Kxh7 31. Rd7+ Kg6 32. Rxc7
{Black resigns} 1-0

[Event "Team 45 45 League T35"]
[Site "Internet Chess Club"]
[Date "2007.11.24"]
[Round "6"]
[White "andrew28"]
[Black "kabindra"]
[Result "1-0"]
[WhiteElo "1776"]
[BlackElo "1820"]
[Opening "Giuoco Piano: Anderssen variation"]
[ECO "C54"]
[Time "16:04:34"]
[TimeControl "2700+45"]

1. e4 e5 2. Nf3 Nc6 3. Bc4 Bc5 4. c3 Nf6 5. d4 exd4 6. e5 d5 7. Bb5 Ne4 8. cxd4
Bb4+ 9. Bd2 Bxd2+ 10. Nbxd2 O-O 11. h3 Bd7 12. Bd3 Bf5 13. Nf1 Re8 14. Ne3 Bg6
15. Qb3 Ne7 16. O-O Rb8 17. Rac1 c6 18. Rfd1 Nf5 19. Bxe4 dxe4 20. Nxf5 Bxf5 21.
Nh2 Qd5 22. Qg3 Qxa2 23. Qf4 Be6 24. Qxe4 Qxb2 25. Rb1 Qa2 26. Ra1 Qd5 27. Qf4
a6 28. Rd3 c5 29. Raa3 cxd4 30. Rg3 Bd7 31. Rxg7+ Kxg7 32. Rg3+ Kf8 33. Qh6+
{Black resigns} 1-0

[Event "Team 45 45 League T35"]
[Site "Internet Chess Club"]
[Date "2007.11.22"]
[Round "6"]
[White "tammany"]
[Black "crisgrossi"]
[Result "0-1"]
[WhiteElo "1536"]
[BlackElo "1771"]
[Opening "Benkö gambit"]
[ECO "A57"]
[Time "15:01:56"]
[TimeControl "2700+45"]

1. d4 Nf6 2. c4 c5 3. d5 b5 4. cxb5 g6 5. g3 d6 6. Bg2 a6 7. bxa6 Nxa6 8. Nc3
Bb7 9. e4 Bg7 10. Nge2 O-O 11. O-O e6 12. dxe6 fxe6 13. Qb3 Qd7 14. Bh3 Bc8 15.
Nf4 Nc7 16. Rd1 Qe7 17. Nd3 Nd7 18. Be3 Rb8 19. Qc2 Bb7 20. Nf4 Ne5 21. Qe2 Ba6
22. Qc2 g5 23. Nh5 Nf3+ 24. Kg2 Bd4 25. Bxd4 cxd4 26. Na4 Qf7 27. Nf6+ Qxf6 28.
Qxc7 Ne1+ 29. Rxe1 Qf3+ 30. Kg1 Qxf2+ 31. Kh1 Be2 32. Rxe2 Qxe2 33. Qxd6 Qxe4+
34. Bg2 Qe3 35. Rd1 Rbd8 36. Qb6 Qe2 37. Qb3 Rc8 38. Rg1 Rc2 39. Qb7 Rf2 40.
Qa8+ Kg7 41. Qb7+ Kh6 42. Qa8 Qe3 43. Qa7 Rc1 44. Qa6 Rxg1+ 45. Kxg1 Re2+ 46.
Kh1 Re1+ 47. Bf1 Qf2 48. Qd3 Rxf1+ {White resigns} 0-1

[Event "Team 45 45 League T35"]
[Site "Internet Chess Club"]
[Date "2007.11.24"]
[Round "6"]
[White "Shereshevsky"]
[Black "jaybird"]
[Result "0-1"]
[WhiteElo "1455"]
[BlackElo "1674"]
[Opening "QGD"]
[ECO "D52"]
[Time "19:04:19"]
[TimeControl "2700+45"]

1. d4 d5 2. Nf3 Nf6 3. c4 e6 4. Nc3 c6 5. Bg5 Nbd7 6. e3 Bd6 7. Rc1 h6 8. Bh4 a6
9. e4 dxe4 10. Nxe4 Be7 11. Bd3 Nxe4 12. Bxe7 Qxe7 13. Bxe4 Nf6 14. Bd3 O-O 15.
O-O Rd8 16. Qc2 Bd7 17. Rfe1 Rac8 18. a3 Qd6 19. b4 Be8 20. Rcd1 g6 21. Qc1 Qf8
22. Qf4 Qg7 23. Bc2 Nh5 24. Qe3 Nf6 25. Qe5 Ng4 26. Qxg7+ Kxg7 27. Ne5 Nxe5 28.
Rxe5 Rc7 29. Re2 b5 30. c5 Rcd7 31. Red2 f5 32. f4 Bf7 33. Kf2 Kf6 34. h4 g5 35.
hxg5+ hxg5 36. g3 Rh8 37. Rg1 Bh5 38. Rh1 Rdh7 39. g4 Bxg4 40. Rxh7 Rxh7 41.
fxg5+ Kxg5 42. Bd3 Rh2+ 43. Ke3 f4+ {White resigns} 0-1

[Event "Team 45 45 League T35"]
[Site "Internet Chess Club"]
[Date "2007.11.22"]
[Round "6"]
[White "MrPetrov"]
[Black "HocusPocus"]
[Result "1-0"]
[WhiteElo "2221"]
[BlackElo "2153"]
[Opening "QGD semi-Slav: Stoltz variation"]
[ECO "D45"]
[Time "09:01:42"]
[TimeControl "2700+45"]

1. d4 d5 2. c4 c6 3. Nc3 Nf6 4. e3 e6 5. Nf3 Nbd7 6. Qc2 Bd6 7. Bd3 a6 8. O-O
O-O 9. e4 dxc4 10. Bxc4 e5 11. Rd1 Qc7 12. Bg5 b5 13. Be2 exd4 14. Rxd4 c5 15.
Rdd1 Ng4 16. h3 Nge5 17. Nd5 Qb8 18. Be7 Nxf3+ 19. Bxf3 Ne5 20. Nf6+ gxf6 21.
Bxd6 Nxf3+ 22. gxf3 Qb7 23. Bxf8 Kxf8 24. Qxc5+ Kg7 25. Rd8 Bxh3 26. Qf8+ {Black
resigns} 1-0

[Event "Team 45 45 League T35"]
[Site "Internet Chess Club"]
[Date "2007.11.25"]
[Round "6"]
[White "Sleete"]
[Black "jonesey"]
[Result "1-0"]
[WhiteElo "2114"]
[BlackElo "2033"]
[Opening "Four knights: Janowski variation"]
[ECO "C49"]
[Time "07:09:54"]
[TimeControl "2700+45"]

1. e4 e5 2. Nf3 Nc6 3. Nc3 Nf6 4. Bb5 Bb4 5. O-O O-O 6. d3 Bxc3 7. bxc3 d6 8.
Re1 Ne7 9. d4 Ng6 10. dxe5 Nd7 11. Bg5 Qe8 12. exd6 cxd6 13. Qxd6 h6 14. Be3 a6
15. Ba4 Nge5 16. Nxe5 Qxe5 17. Rad1 Qxc3 18. Bxd7 Rd8 19. Bd4 Qa5 20. Qg3 g6 21.
Bc3 Qh5 22. Rd5 {Black resigns} 1-0

The players agreed to the GM draw before the forfeit post.  I am correcting the results.  Best Regards!

Chesskix

[Event "Team 45 45 League T35"]
[Site "Internet Chess Club"]
[Date "2007.11.24"]
[Round "6"]
[White "kolibandi"]
[Black "diegoami"]
[Result "1-0"]
[WhiteElo "2058"]
[BlackElo "1808"]
[Opening "Sicilian: Taimanov variation"]
[ECO "B48"]
[Time "13:00:42"]
[TimeControl "2700+45"]

1. e4 c5 2. Nf3 e6 3. d4 cxd4 4. Nxd4 Nc6 5. Nc3 Qc7 6. Be3 a6 7. Qd2 Nf6 8.
O-O-O b5 9. Bf4 e5 10. Nxc6 dxc6 11. Bxe5 Qb6 12. Bxf6 gxf6 13. Qf4 Bg7 14. Qd6
Be6 15. Nd5 Bxd5 16. exd5 Rd8 17. Re1+ {Black resigns} 1-0

[Event "Team 45 45 League T35"]
[Site "Internet Chess Club"]
[Date "2007.11.25"]
[Round "6"]
[White "Mater"]
[Black "vvsi"]
[Result "1-0"]
[WhiteElo "1794"]
[BlackElo "1739"]
[Opening "Queen's pawn game"]
[ECO "A45"]
[Time "22:59:20"]
[TimeControl "2700+45"]

1. d4 Nf6 2. g3 Nc6 3. Bg2 e6 4. Nf3 Bb4+ 5. Nbd2 O-O 6. O-O d6 7. a3 Ba5 8. b4
Bb6 9. Bb2 Re8 10. Nb3 a5 11. b5 Ne7 12. a4 Bd7 13. c4 c6 14. c5 Bc7 15. b6 Bb8
16. Qd2 dxc5 17. dxc5 Ng6 18. Nxa5 Bc8 19. Qc3 Qe7 20. Nb3 e5 21. Qc2 Be6 22.
Ng5 Bxb3 23. Qxb3 h6 24. Ne4 Nxe4 25. Bxe4 Nf8 26. Qc4 Ne6 27. Rac1 Ra5 28. Ba3
g6 29. Rfd1 f5 30. Bb1 e4 31. e3 Be5 32. Rd2 Kf8 33. Ba2 Qg7 34. Rcd1 Re7 35.
Bb3 Ra8 36. Bb4 Ng5 37. Rd8+ Re8 38. R1d7 Qh8 39. Rf7+ {Black resigns} 1-0

[Event "Team 45 45 League T35"]
[Site "Internet Chess Club"]
[Date "2007.11.23"]
[Round "6"]
[White "FiendAngelical"]
[Black "nardz"]
[Result "0-1"]
[WhiteElo "1850"]
[BlackElo "2204"]
[Opening "Sicilian: Najdorf, Poisoned pawn variation"]
[ECO "B97"]
[Time "21:04:43"]
[TimeControl "2700+45"]

1. e4 c5 2. Nf3 d6 3. d4 cxd4 4. Nxd4 Nf6 5. Nc3 a6 6. Bg5 e6 7. f4 Qb6 8. Qd2
Qxb2 9. Rb1 Qa3 10. e5 dxe5 11. fxe5 h6 12. Bh4 Nfd7 13. Ne4 Qxa2 14. Rd1 Qd5
15. Qe3 Qxe5 16. Bg3 Qa5+ 17. c3 Qb6 18. Qd2 Be7 19. Nf5 exf5 20. Nd6+ Bxd6 21.
Bxd6 Nf6 22. Bc5 Ne4 23. Qd5 Nxc5 24. Bc4 Qe6+ {White resigns} 0-1

[Event "Team 45 45 League T35"]
[Site "Internet Chess Club"]
[Date "2007.11.24"]
[Round "6"]
[White "lupinus"]
[Black "siddhu"]
[Result "0-1"]
[WhiteElo "1650"]
[BlackElo "1779"]
[Opening "KGA: Fischer defense"]
[ECO "C34"]
[Time "12:11:47"]
[TimeControl "2700+45"]

1. e4 e5 2. f4 exf4 3. Nf3 d6 4. d4 Bg4 5. Bxf4 Nc6 6. Bb5 a6 7. Be2 Nf6 8. Nc3
Qe7 9. e5 dxe5 10. Bxe5 Nxe5 11. Nxe5 Bxe2 12. Qxe2 O-O-O 13. O-O-O Nd7 14. Qg4
Kb8 15. Rhe1 Nxe5 16. Rxe5 Qf6 17. Ne4 Qh6+ 18. Kb1 Qxh2 19. Rh5 f5 20. Rxf5 h5
21. Qg5 Rxd4 22. Nd2 Qd6 23. c3 Rg4 24. Qe3 Qg6 25. Rf1 Bd6 26. Kc1 Rxg2 27. Ne4
Re8 28. Qd4 Qe6 29. Nxd6 Qxd6 30. Rd5 Qe7 31. Rd1 Qe3+ 32. Qxe3 Rxe3 33. Rxh5
Ree2 34. Rd8+ Ka7 35. Rc5 Rc2+ 36. Kb1 Rxb2+ 37. Ka1 Rxa2+ 38. Kb1 Rae2 39. Rd1
Kb6 40. Rf5 a5 41. c4 Rc2 42. Rb5+ Ka6 43. Rc5 c6 44. Rg5 Rxg5 45. Kxc2 b5 46.
cxb5+ Kxb5 47. Rd3 c5 48. Rc3 c4 49. Kb2 Kb4 50. Rc2 c3+ 51. Rxc3 Rg2+ 52. Rc2
Rxc2+ {White resigns} 0-1

[Event "Team 45 45 League T35"]
[Site "Internet Chess Club"]
[Date "2007.11.25"]
[Round "6"]
[White "OnFire"]
[Black "AntonioMendonca"]
[Result "0-1"]
[WhiteElo "1697"]
[BlackElo "1741"]
[Opening "Sicilian: dragon, 6.Be3"]
[ECO "B72"]
[Time "16:12:34"]
[TimeControl "2700+45"]

1. e4 c5 2. Nf3 d6 3. d4 cxd4 4. Nxd4 Nf6 5. Nc3 g6 6. Be3 Bg7 7. Bb5+ Bd7 8.
Bxd7+ Nbxd7 9. f3 O-O 10. Qd2 Ne5 11. Bh6 Nc4 12. Qg5 Nxb2 13. Bxg7 Kxg7 14. Qb5
Qb6 15. Qxb6 axb6 16. Rb1 Nc4 17. a4 Rfc8 18. Ndb5 Na3 19. Nxa3 Rxc3 20. Rb3 Rc6
21. Rb4 Rac8 22. c4 d5 23. e5 Nd7 24. Kf2 dxc4 25. f4 c3 26. Rc1 c2 27. Nb5 Rc4
28. Rb2 Rxf4+ 29. Kg3 Rfc4 30. Na7 R8c5 31. Nb5 Nxe5 {White resigns} 0-1

[Event "Team 45 45 League T35"]
[Site "Internet Chess Club"]
[Date "2007.11.25"]
[Round "6"]
[White "MPknight"]
[Black "parrot9"]
[Result "1/2-1/2"]
[WhiteElo "1623"]
[BlackElo "1656"]
[Opening "QGD semi-Slav: 5.e3"]
[ECO "D45"]
[Time "09:59:09"]
[TimeControl "2700+45"]

1. d4 d5 2. c4 c6 3. Nf3 Nf6 4. Nc3 e6 5. e3 dxc4 6. Bxc4 b5 7. Be2 Bb7 8. O-O
a6 9. a3 c5 10. dxc5 Qxd1 11. Rxd1 Bxc5 12. b4 Bb6 13. Bb2 O-O 14. Rac1 Nc6 15.
Na2 Nd5 16. Nd4 Nxd4 17. Bxd4 Bxd4 18. Rxd4 Rac8 19. Rdd1 Nf6 20. Rxc8 Rxc8 21.
Rc1 Rxc1+ 22. Nxc1 {Game drawn by mutual agreement} 1/2-1/2

[Event "Team 45 45 League T35"]
[Site "Internet Chess Club"]
[Date "2007.11.25"]
[Round "6"]
[White "hualpe"]
[Black "Razorbackchess"]
[Result "1-0"]
[WhiteElo "1850"]
[BlackElo "1846"]
[Opening "Robatsch defense: three pawns attack"]
[ECO "B06"]
[Time "11:54:03"]
[TimeControl "2700+45"]

1. e4 g6 2. d4 Bg7 3. f4 c6 4. Nf3 d5 5. e5 h5 6. Bd3 Nh6 7. O-O Bf5 8. Be3 O-O
9. Nh4 Bxd3 10. Qxd3 e6 11. Bf2 Nd7 12. Nd2 Rc8 13. c4 dxc4 14. Nxc4 Nf5 15.
Nxf5 exf5 16. Nd6 Rb8 17. d5 cxd5 18. Bxa7 Ra8 19. Be3 Nb6 20. Nxb7 Qc7 21. Nd6
Rfc8 {Black resigns} 1-0

[Event "Team 45 45 League T35"]
[Site "Internet Chess Club"]
[Date "2007.11.26"]
[Round "6"]
[White "Changuito-77"]
[Black "alexcluster"]
[Result "1-0"]
[WhiteElo "1800"]
[BlackElo "1816"]
[Opening "Alekhine's defense: exchange variation"]
[ECO "B02"]
[Time "16:10:37"]
[TimeControl "2700+45"]

1. e4 Nf6 2. e5 Nd5 3. c4 Nb6 4. d4 d6 5. exd6 cxd6 6. Nc3 g6 7. Be3 Bg7 8. Rc1
O-O 9. b3 e5 10. Nf3 Nc6 11. Be2 Bg4 12. dxe5 dxe5 13. O-O Nd7 14. a3 a6 15. b4
Rc8 16. Ne4 Bxf3 17. Bxf3 Nd4 18. Nd6 Nxf3+ 19. Qxf3 Rc6 20. Nxb7 Qc7 21. Na5
Re6 22. Qb7 Qxb7 23. Nxb7 Rb8 24. Nc5 Nxc5 25. Bxc5 e4 26. Rb1 f5 27. Rfd1 f4
28. Rd6 Rbe8 29. Kf1 Be5 30. Rxe6 Rxe6 31. Rd1 h5 32. a4 g5 33. Rd5 g4 34. Bd4
Bxd4 35. Rxd4 Kf7 36. b5 axb5 37. cxb5 Kg6 38. Rb4 f3 39. gxf3 exf3 40. b6 Rc6
41. Rb1 {Black resigns} 1-0

[Event "Team 45 45 League T35"]
[Site "Internet Chess Club"]
[Date "2007.11.25"]
[Round "6"]
[White "PiedraBuena"]
[Black "rubo"]
[Result "1/2-1/2"]
[WhiteElo "1761"]
[BlackElo "1727"]
[Opening "English opening"]
[ECO "A22"]
[Time "14:01:46"]
[TimeControl "2700+45"]

1. c4 Nf6 2. Nc3 e5 3. e4 c5 4. d3 h6 5. Be2 d6 6. f4 Nc6 7. Nf3 Bg4 8. O-O Be7
9. Ne1 Bxe2 10. Qxe2 Nd4 11. Qd1 O-O 12. f5 Qd7 13. Nc2 a6 14. Nxd4 cxd4 15. Nd5
Nxd5 16. cxd5 Bf6 17. Qb3 Rac8 18. Bd2 b5 19. Ba5 Rc5 20. Bb4 Rc7 21. Ba5 Rc5
22. Bb4 Rcc8 23. Qa3 Rc2 24. Bxd6 Rfc8 25. Qxa6 Rxb2 26. Ba3 Rbc2 27. Rfc1 Rxc1+
28. Rxc1 Rxc1+ 29. Bxc1 Kf8 30. Ba3+ Ke8 31. Qd6 Qxd6 32. Bxd6 {Game drawn by
mutual agreement} 1/2-1/2

[Event "Team 45 45 League T35"]
[Site "Internet Chess Club"]
[Date "2007.11.25"]
[Round "6"]
[White "Electryon"]
[Black "mambomex"]
[Result "0-1"]
[WhiteElo "1660"]
[BlackElo "1831"]
[Opening "Queen's pawn: London system"]
[ECO "A45"]
[Time "11:05:16"]
[TimeControl "2700+45"]

1. d4 Nf6 2. Bf4 g6 3. Nc3 Bg7 4. Qd2 O-O 5. Bh6 d5 6. O-O-O c6 7. Bxg7 Kxg7 8.
Nf3 Nbd7 9. h4 h5 10. Ng5 Ng4 11. e4 Nb6 12. f3 Nh6 13. Be2 Qd6 14. e5 Qd8 15.
Rdg1 f6 16. exf6+ exf6 17. Nh3 Bxh3 18. Rxh3 f5 19. g4 hxg4 20. fxg4 fxg4 21.
Bxg4 Nc4 22. Qd3 Qb6 23. b3 Ne5 24. Qd1 Nexg4 25. Rxg4 Nxg4 26. Qxg4 Qc7 27. h5
Qf4+ 28. Qxf4 Rxf4 29. hxg6 Kxg6 30. Rg3+ Kf6 31. Ne2 Re4 32. Kd2 Rae8 33. Rg2
Ke7 34. c3 Kd6 35. Rg6+ R8e6 36. Rg2 b6 37. Nc1 a6 38. Nd3 Rh4 39. Ne5 c5 40.
Nf3 Rf4 41. dxc5+ bxc5 42. Ng5 Ref6 43. Nh3 Rf3 44. Ng1 Rf2+ 45. Rxf2 Rxf2+ 46.
Ne2 Ke5 47. Kd3 c4+ 48. bxc4 dxc4+ 49. Ke3 Rh2 50. a3 Rh3+ 51. Kd2 Ke4 52. Nc1
Rh2+ 53. Ne2 Kf3 54. Kd1 Rxe2 {White resigns} 0-1